 Dungeon Crawl Stone Soup version 0.24-a0-271-ga0fc33f (webtiles) character file.

Game seed: 9643344986449659441

26 nikopol the Firebug (level 2, -2/15 HPs)
             Began as a Deep Elf Fire Elementalist on Apr 24, 2019.
             Slain by a gnoll
             ... wielding a +0 flail
              (3 damage)
             ... on level 1 of the Dungeon.
             The game lasted 00:02:06 (948 turns).

nikopol the Firebug (Deep Elf Fire Elementalist)     Turns: 948, Time: 00:02:07

Health: -2/15      AC:  5    Str:  5    XL:     2   Next: 89%
Magic:  2/8        EV: 13    Int: 19    God:
Gold:   83         SH:  0    Dex: 15    Spells: 6/7 levels left

rFire    . . .     SeeInvis .   h - +0 short sword
rCold    . . .     Gourm    .   (no shield)
rNeg     . . .     Faith    .   a - +0 robe
rPois    .         Spirit   .   (no helmet)
rElec    .         Reflect  .   (no cloak)
rCorr    .         Harm     .   b - +2 pair of gloves
MR       .....                  (no boots)
Stlth    ++........             e - amulet of the acrobat
HPRegen  0.05/turn              (no ring)
MPRegen  0.11/turn              (no ring)

@: no status effects
A: no striking features
a: no special abilities


You were on level 1 of the Dungeon.
You were not hungry.

You visited 1 branch of the dungeon, and saw 2 of its levels.

You collected 83 gold pieces.

Inventory:

Hand Weapons
 h - a +0 short sword (weapon)
Armour
 a - a +0 robe (worn)
 b - a +2 pair of gloves (worn)
Jewellery
 e - an amulet of the acrobat (around neck)
 g - an uncursed ring of ice
Scrolls
 f - 2 scrolls of teleportation {unknown}
 i - a scroll of random uselessness {unknown}
 j - a scroll of identify {unknown}
Potions
 d - a potion of degeneration {unknown}
Comestibles
 c - 5 rations


   Skills:
 + Level 2.7 Dodging
 + Level 2.4 Stealth
 + Level 3.3 Spellcasting
 + Level 1.2 Conjurations
 + Level 4.1 Fire Magic


You had 6 spell levels left.
You knew the following spells:

 Your Spells              Type           Power        Failure   Level  Hunger
a - Flame Tongue          Conj/Fire      ##...        4%          1    None

Your spell library contained the following spells:

 Spells                   Type           Power        Failure   Level  Hunger
 Throw Flame              Conj/Fire      ##....       8%          2    ##.....
 Conjure Flame            Conj/Fire      ##......     14%         3    ###....
 Inner Flame              Hex/Fire       ##......     19%         3    ###....
 Sticky Flame             Conj/Fire      ##......     43%         4    ####...
 Fireball                 Conj/Fire      ##........   80%         5    ######.


Dungeon Overview and Level Annotations

Branches:
Dungeon (2/15)

Altars:


Message History

There is a stone staircase leading up here.
The gnoll barely misses you.
You climb upwards.
There is a stone staircase leading down here.
Casting: Flame Tongue (safe; 4% risk of failure)
Confirm with . or Enter, or press ? or * to list all spells.
Aiming: Flame Tongue (safe; 4% risk of failure)
Press: ? - help, Shift-Dir - straight line, f - gnoll
Aim: a gnoll, wielding a +0 flail (lightly wounded)
The flame tongue hits the gnoll.
The gnoll is moderately wounded.
Casting: Flame Tongue (safe; 4% risk of failure)
Confirm with . or Enter, or press ? or * to list all spells.
Aiming: Flame Tongue (safe; 4% risk of failure)
Press: ? - help, Shift-Dir - straight line, f/p - gnoll
Aim: a gnoll, wielding a +0 flail (moderately wounded)
The flame tongue hits the gnoll!
The gnoll is almost dead.
The gnoll hits you with a +0 flail.
You die...

####### ###.##..#####
#...........# #.#.##..#####
##############.#.##..#######
(..........................#####
#######.##.#.#.#.##..#.........#
....###.##...#.#.##..#.###[###.#
...............g@....#.# #.# #.#
.........###.#...##..#.# #.# #.#
#.#.##.................###.# #.#
#.#.##.#.#.......##........# #.#
..(..#.#.#.............###.# #.#
.........+.............# #.# #.#
###.##.#.#.......##....###.###.#
# #......+.......##............#
######.#.#.......##....###.###.#


You could see a gnoll.

Vanquished Creatures
  An adder (D:2)
  2 giant cockroaches (D:1)
  A goblin (D:1)
  2 hobgoblins (D:1)
  5 kobolds (D:1)
  3 bats (D:1)
  3 frilled lizards (D:1)
  2 rats (D:1)
19 creatures vanquished.

Notes
Turn   | Place    | Note
-------+----------+-------------------------------------------
     0 | D:1      | nikopol the Deep Elf Fire Elementalist began the quest for
                  | the Orb.
     0 | D:1      | Reached XP level 1. HP: 10/10 MP: 6/6
   192 | D:1      | Reached XP level 2. HP: 15/15 MP: 4/8
   472 | D:1      | Reached skill level 4 in Fire Magic
   948 | D:1      | Slain by a gnoll

Levels and vault maps discovered:
D:1:      minmay_arrival_stone_box, layout_basic
D:2:      layout_basic, elyvilon_altar_4, uniq_jessica, uniq_robin

Skill      XL: |  1  2 |
---------------+-------+-----
Fire Magic     | 4 |  4.1
Dodging        | |  2.7
Stealth        | |  2.4
Spellcasting   | |  3.3
Conjurations   | |  1.2

Action                   || total
-------------------------++-------
 Cast: Flame Tongue      ||    39
Armor: Robe              ||     2
Dodge: Dodged            ||    15

Table legend:
 A = Non-vault XP
 B = Vault XP
 C = Vault XP percentage of total XP
 D = Non-vault monster count
 E = Vault monster count
 F = Vault count percentage of total count
                 A         B        C        D         E       F
            +---------+---------+-------+---------+---------+-------
      Total |      38 |       0 |   0.0 |      19 |       0 |   0.0
            +---------+---------+-------+---------+---------+-------
        D:1 |      25 |       0 |   0.0 |      18 |       0 |   0.0
        D:2 |      13 |       0 |   0.0 |       1 |       0 |   0.0
            +---------+---------+-------+---------+---------+-------
